AoeStats
← Hornblend

Arena

504226282Analyzed
3v3 RM · 26d ago on Sep 4, 2026· 67m 22s· 6 players
Game mode
Random Map
Map size
Normal (6 player)
Population
200
Speed
Normal
Resources
Standard
Victory
Conquest
Starting age
Dark Age
Ending age
Imperial Age
RankedLock teamsTeams togetherTeam positionsShared explorationLock speedFull tech treeHidden civsTurbo modeCheats
Victory
Defeat
🇨🇳 Burgundians · China
992
+14
🇧🇷 Ethiopians · Brazil
967
+15
🇹🇼 Huns · Taiwan
953
+16
🇮🇳 Japanese · India
1004
-17
🇮🇳 Vietnamese · India
957
-15
🇮🇳 Lithuanians · India
904
-13
Big Tiozao
10:47 Feudal Age
14:52 Castle Age
13:48 Double-Bit Axe
14:17 Stone Mining
14:24 Horse Collar
15:14 Loom
17:50 Fervor
24:24 Gold Mining
28:09 Imperial Age
26:03 Squires
25:45 Crossbowman
26:20 Fletching
26:31 Padded Archer Armor
27:09 Bow Saw
28:32 Wheelbarrow
27:53 Town Watch
30:14 Chemistry
30:46 Thumb Ring
33:11 Bodkin Arrow
33:17 Padded Archer Armor
33:19 Scale Mail Armor
33:30 Forging
34:01 Bracer
34:23 Arbalester
36:18 Conscription
35:36 Halberdier
36:53 Leather Archer Armor
37:01 Ballistics
37:57 Hand Cart
41:38 Two-Man Saw
41:25 Ring Archer Armor
40:53 Murder Holes
41:09 Fortified Wall
41:10 Masonry
40:51 Arson
43:29 Forging
43:19 Scale Mail Armor
46:49 Caravan
48:01 Architecture
48:09 Chain Mail Armor
48:29 Iron Casting
53:04 Elite Shotel Warrior
53:34 Elite Shotel Warrior
54:19 Royal Heirs
54:51 Plate Mail Armor
55:21 Blast Furnace
隆隆
5:56 Loom
10:07 Feudal Age
10:38 Double-Bit Axe
12:41 Horse Collar
19:42 Castle Age
17:46 Gold Mining
18:10 Fletching
21:41 Bow Saw
21:34 Heavy Plow
22:17 Bodkin Arrow
25:26 Ballistics
26:13 Wheelbarrow
26:55 Gold Shaft Mining
26:59 Scale Barding Armor
28:18 Hand Cart
28:36 Masonry
28:49 Stone Mining
33:44 Imperial Age
32:06 Marauders
33:21 Husbandry
33:32 Bloodlines
33:46 Chain Barding Armor
33:37 Forging
34:51 Conscription
34:47 Padded Archer Armor
34:17 Heavy Cavalry Archer
35:24 Parthian Tactics
36:19 Chemistry
37:26 Bracer
38:02 Iron Casting
37:42 Elite Tarkan
40:12 Light Cavalry
43:55 Hussar
46:25 Pikeman
47:06 Squires
52:50 Two-Man Saw
56:26 Halberdier
57:41 Arson
59:19 Blast Furnace
110
0:27 Loom
12:25 Feudal Age
11:24 Double-Bit Axe
11:26 Horse Collar
19:27 Castle Age
17:26 Gold Mining
17:53 Stone Mining
18:11 Heavy Plow
18:31 Bow Saw
19:24 Forging
19:04 Town Watch
19:40 Scale Barding Armor
20:04 Cavalier
20:44 Husbandry
23:01 Fervor
26:36 Wheelbarrow
26:40 Chain Barding Armor
26:57 Iron Casting
28:35 Gold Shaft Mining
35:50 Imperial Age
32:57 Pikeman
33:37 Squires
33:24 Arson
33:52 Fortified Wall
34:43 Fletching
34:54 Scale Mail Armor
35:02 Burgundian Vineyards
35:30 Hand Cart
36:03 Paladin
37:38 Conscription
38:21 Chemistry
37:43 Ballistics
38:17 Plate Barding Armor
38:37 Stone Shaft Mining
39:37 Blast Furnace
39:55 Murder Holes
40:20 Chain Mail Armor
40:06 Padded Archer Armor
40:06 Light Cavalry
41:02 Elite Coustillier
42:17 Hoardings
41:05 Hussar
42:36 Treadmill Crane
43:06 Masonry
42:34 Halberdier
43:48 Plate Mail Armor
43:34 Leather Archer Armor
43:14 Bodkin Arrow
45:04 Two-Man Saw
44:36 Crop Rotation
44:42 Architecture
50:55 Bracer
50:23 Elite Skirmisher
51:58 Man-at-Arms
56:15 Long Swordsman
58:41 Two-Handed Swordsman
60:00 Champion
Burrizard
10:09 Feudal Age
10:45 Feudal Age
12:45 Loom
15:23 Castle Age
13:34 Horse Collar
14:33 Double-Bit Axe
19:52 Bow Saw
20:11 Heavy Plow
21:32 Stone Mining
23:17 Wheelbarrow
23:28 Elite Skirmisher
26:34 Fletching
27:40 Ballistics
27:27 Bodkin Arrow
28:30 Hand Cart
29:19 Thumb Ring
32:55 Imperial Age
31:27 Padded Archer Armor
31:39 Forging
31:31 Scale Mail Armor
33:16 Gold Mining
34:58 Chemistry
34:03 Bracer
34:18 Leather Archer Armor
34:58 Kataparuto
34:44 Elite Samurai
35:50 Leather Archer Armor
36:49 Conscription
36:34 Yasama
36:28 Guard Tower
36:49 Masonry
36:56 Fortified Wall
36:57 Imperial Skirmisher
38:42 Iron Casting
38:23 Chain Mail Armor
40:15 Ring Archer Armor
40:46 Blast Furnace
40:35 Pikeman
41:20 Squires
41:07 Arson
42:28 Hoardings
42:40 Man-at-Arms
42:42 Halberdier
44:09 Coinage
43:41 Caravan
46:10 Banking
47:21 Plate Mail Armor
46:56 Scale Barding Armor
50:29 Treadmill Crane
51:27 Keep
50:42 Arrowslits
50:55 Murder Holes
51:08 Siege Engineers
Killerspr3e
4:31 Loom
10:21 Feudal Age
15:40 Castle Age
15:38 Stone Mining
16:17 Double-Bit Axe
17:19 Bow Saw
28:17 Wheelbarrow
28:16 Horse Collar
30:07 Bloodlines
29:58 Husbandry
30:07 Scale Barding Armor
30:17 Gold Mining
30:32 Heavy Plow
31:50 Town Watch
32:20 Hand Cart
35:00 Forging
35:11 Chain Barding Armor
38:10 Imperial Age
39:19 Conscription
39:14 Elite Leitis
41:23 Iron Casting
41:24 Plate Barding Armor
44:18 Fortified Wall
44:03 Murder Holes
44:10 Fletching
55:07 Cavalier
61:21 Light Cavalry
Hornblend
9:07 Loom
11:19 Feudal Age
12:33 Double-Bit Axe
12:33 Horse Collar
17:56 Castle Age
16:58 Gold Mining
21:02 Wheelbarrow
20:01 Crossbowman
22:52 Bow Saw
25:40 Heavy Plow
30:19 Imperial Age
29:04 Hand Cart
29:23 Husbandry
29:29 Fletching
30:16 Stone Mining
35:53 Two-Man Saw
35:25 Crop Rotation
35:10 Stone Mining
36:31 Arbalester
39:08 Cavalier
42:33 Bloodlines
41:47 Pikeman
42:29 Squires
45:55 Scale Barding Armor
46:50 Halberdier
Connection lost

Rejoining the realm…

Still unreachable

The connection could not be restored.

Session expired

The server has moved on; the page needs a fresh start.